[Event "*** Titled Tuesday Blitz"]
[Site "Chess.com"]
[Date "2021.02.02"]
[Round "10"]
[White "GadimbayliA"]
[Black "swisspower96"]
[Result "1/2-1/2"]
[WhiteElo "2886"]
[BlackElo "2687"]
[TimeControl "180+1"]
[EndTime "11:59:12 PST"]
[Termination "Game drawn by agreement"]

1. e4 e5 2. Nf3 Nf6 3. Nc3 Nc6 4.
d4 exd4 5. Nxd4 Bb4 6. Nxc6 bxc6 7. Bd3 d5 8. exd5 O-O 9. O-O cxd5 10. Bg5 c6 11. Qf3 Rb8 12. Rae1 h6 13. Bxf6 Qxf6 14. Qxf6 gxf6 15. Rb1 Bd6 16. Ne2 Re8 17. Ng3 Be5 18.
b3 Bc3 19. Nf5 Bxf5 20. Bxf5 Re5 21. Bd3 c5 22. g3 a5 23. f4 Re7 24. Kg2 Kg7 25.
Rbd1 a4 26. Bf5 d4 27. Bd3 a3 28. Rf2 Rbe8 29. Bb5 Re1 30. Rxe1 Rxe1 31. Rf1 Re3 32. Bd3 Be1 33. Rf3 Re7 34. Kh3 Bc3 35. Rf1 Re1 36.
Rxe1 Bxe1 37. Kg4 Bb4 38. Kf5 Bc3 39. Bc4 Bb4 40. Ke4 Kf8 41. Kd5 Ke7 42. f5 Kd7 43.
Bb5+ Ke7 44. Ke4 Kd6 45. Bc4 Ke7 46. Kd5 Kd7 47. Bb5+ Ke7 48. Kc6 Ke8 49. Kd6+ Kd8 50. Bc4 Ke8 51. Kd5 Ke7 52. Kc6 Ke8 53. Bd3 Ke7 54.
g4 Ke8 55. Kd5 Ke7 56. Kc4 Kd6 57. Be4 Ke7 58. Kd3 Kd6 59. h3 Bc3 60. Bb7 Bb4 61. Ba6 Ke7 62. Bc4 Ke8 63. Ke2 Ke7 64.
Kf3 Bc3 65. Kg3 Bd2 66. Kf3 Bg5 67. Kg3 Bd2 68. h4 Be1+ 69. Kh3 Bf2 70. Bd5 Be1 71. Bf3 Bf2 72. Be2 Be1 73. h5 Bb4 74. Kg2 Kf8 75.
Kf3 Ke7 76. Ke4 Kd6 77. Bc4 Bd2 78. Bxf7 Bc1 79. Bc4 Bd2 80. Kd3 Bb4 81. Ke4 Bd2 82. Bd3 Bc1 83. b4 cxb4 84. Kxd4 Bb2+ 85. Kc4 Bc3 86.
Kb5 Ke5 87. Bc4 Kf4 88. Bf7 Kxg4 89. Bg6 Kf3 90. Kc4 Ke2 91. Kb3 Kd1 92. Bf7 Kc1 93. Bg6 Kd1 94. Bf7 Kd2 95. Bg6 Ke3 96. Bf7 Kf4 97.
Bg6 Kg5 98. Kc4 Be1 99. Kb3 Bc3 100. Kc4 Be1 1/2-1/2

[Event "*** Titled Tuesday Blitz"]
[Site "Chess.com"]
[Date "2021.02.02"]
[Round "10"]
[White "HackingKid98"]
[Black "kikydu96"]
[Result "0-1"]
[WhiteElo "2460"]
[BlackElo "2588"]
[TimeControl "180+1"]
[EndTime "11:59:16 PST"]
[Termination "kikydu96 won by checkmate"]

1. d4 d5 2. c4 c6 3. Nf3 Nf6 4. g3 dxc4 5. Bg2 b5 6. a4 Bb7 7. Ne5 a6 8. O-O e6 9. Nc3 Be7 10. axb5 axb5 11. Rxa8 Bxa8 12. Nxb5 cxb5 13. Bxa8 Nd5 14. e4 Nb6 15. Bc6+ Nxc6 16. Nxc6 Qc7 17. d5 O-O 18. Nxe7+ Qxe7 19. d6 Qb7 20. e5 Nd5 21. Qe2 Rc8 22. h4 b4 23. h5 h6 24. Qg4 Kh8 25. Qe4 c3 26. bxc3 bxc3 27. g4 Qb4 28. Qf3 Rc4 29. Rd1 Rxg4+ 30. Kf1 Qc4+ 31. Qd3 Qa4 32. d7 Qxd7 33. Qxc3 Qb5+ 34. Qd3 Qxd3+ 35. Rxd3 Rh4 36. Ra3 Rxh5 37. Ra7 Rf5 38. Bb2 Kh7 39. Ke2 Nf4+ 40. Ke3 Nd5+ 41. Ke2 h5 42.
Ra4 g5 43. f3 h4 44. Rg4 Kh6 45. Bc1 Rxe5+ 46. Kd3 Kh5 47. Ra4 Rf5 48. Ke2 Nf4+ 49. Ke3 Re5+ 50. Kf2 Re2+ 51. Kf1 Rc2 52. Bxf4 gxf4 53.
Rxf4 f5 54. Ra4 Kg5 55. Kg1 e5 56. Kf1 h3 57. Kg1 h2+ 58. Kh1 f4 59. Ra8 Rc1+ 60.
Kxh2 Rc2+ 61. Kg1 Kh4 62. Rg8 Re2 63. Kf1 Re3 64. Kf2 Kh5 65. Rg7 Kh6 66. Rg1 Ra3 67.
Rg4 Ra2+ 68. Kf1 Rb2 69. Rg8 Ra2 70. Rg4 Ra5 71. Rg8 Ra2 72. Kg1 Ra6 73. Kf1 Rg6 74. Re8 Rg5 75. Kf2 Kg6 76. Rh8 Kf6 77. Rf8+ Kg6 78. Ra8 Rh5 79. Ra6+ Kf5 80. Rd6 Rh2+ 81. Kg1 Ra2 82. Rd8 Ke6 83. Re8+ Kd5 84. Rd8+ Kc4 85. Re8 Kd4 86. Kf1 Ke3 87. Rxe5+ Kxf3 88. Kg1 Ra1+ 89. Kh2 Kf2 90. Rf5 f3 91. Ra5 Re1 92. Ra2+ Re2 93. Kh3 Rxa2 94. Kg4 Kg2 95. Kh4 f2 96. Kg5 f1=Q 97. Kh4 Qf4+ 98. Kh5 Ra5+ 99. Kg6 Rg5+ 100. Kh7 Qh4# 0-1

[Event "*** Titled Tuesday Blitz"]
[Site "Chess.com"]
[Date "2021.02.02"]
[Round "11"]
[White "Kostukov_Alex"]
[Black "Tpros"]
[Result "1-0"]
[WhiteElo "2329"]
[BlackElo "2465"]
[TimeControl "180+1"]
[EndTime "12:00:31 PST"]
[Termination "Kostukov_Alex won by resignation"]

1. g3 c6 2. Bg2 d6 3. d4 g6 4. c4 Bg7 5. Nc3 f5 6. Nf3 Nf6 7. O-O Qc7 8. d5 e5 9. dxe6 Bxe6 10. b3 Ne4 11. Nxe4 Bxa1 12. Nxd6+ Ke7 13. Bg5+ Bf6 14. Bxf6+ Kxf6 15. Qd4+ Ke7 16. Qg7+ 1-0

[Event "*** Titled Tuesday Blitz"]
[Site "Chess.com"]
[Date "2021.02.02"]
[Round "11"]
[White "Natalya_Buksa"]
[Black "cassoulet"]
[Result "1-0"]
[WhiteElo "2587"]
[BlackElo "2728"]
[TimeControl "180+1"]
[EndTime "12:00:39 PST"]
[Termination "Natalya_Buksa won by resignation"]

1. d4 d5 2. Nc3 Nf6 3. Bf4 c5 4. e3 Nc6 5. Nf3 e6 6. Nb5 Nh5 7. Nc7+ Kd7 8. Nxa8 Nxf4 9. exf4 b6 10. Bb5 Bb7 11.
Ne5+ Kd6 12. Nxf7+ 1-0

[Event "*** Titled Tuesday Blitz"]
[Site "Chess.com"]
[Date "2021.02.02"]
[Round "11"]
[White "Nachsueb"]
[Black "jorquerino"]
[Result "0-1"]
[WhiteElo "2166"]
[BlackElo "2271"]
[TimeControl "180+1"]
[EndTime "12:00:49 PST"]
[Termination "jorquerino won by resignation"]

1. d4 d5 2. c4 Bf5 3. Nc3 e6 4. Nxd5 exd5 5. cxd5 Qxd5 6. f3 Bb4+ 7. Bd2 Qxd4 8. Qa4+ Nc6 9. O-O-O Bxd2+ 10. Rxd2 Qxa4 0-1

[Event "*** Titled Tuesday Blitz"]
[Site "Chess.com"]
[Date "2021.02.02"]
[Round "11"]
[White "glebus008"]
[Black "rududuyk"]
[Result "1/2-1/2"]
[WhiteElo "2258"]
[BlackElo "2154"]
[TimeControl "180+1"]
[EndTime "12:00:58 PST"]
[Termination "Game drawn by agreement"]

1. e4 e6 2. d4 d5 3. exd5 exd5 4. Nf3 Nf6 5. c4 Nc6 6. Nc3 Bb4 7. Be3 O-O 8. Be2 Be6 9. c5 b6 10. O-O bxc5 11.
dxc5 Bxc3 12. bxc3 Ne4 13. Qc2 1/2-1/2

[Event "*** Titled Tuesday Blitz"]
[Site "Chess.com"]
[Date "2021.02.02"]
[Round "11"]
[White "Grammnik"]
[Black "Carnivoras"]
[Result "1-0"]
[WhiteElo "2408"]
[BlackElo "2558"]
[TimeControl "180+1"]
[EndTime "12:01:21 PST"]
[Termination "Grammnik won by resignation"]

1. d4 d5 2. Nf3 Nf6 3. c4 c6 4. Nc3 e6 5. cxd5 exd5 6. Bg5 Be7 7.
e3 O-O 8. Bd3 Bg4 9. Qc2 Nbd7 10. Ne5 Bh5 11. Nxd7 Qxd7 12. Bxf6 Bxf6 13. Bxh7+ Kh8 14.
Bf5 Qd6 15. g4 Bg6 16. Bxg6 fxg6 17. Qxg6 Qe7 18. O-O-O Bg5 19. h4 1-0

[Event "*** Titled Tuesday Blitz"]
[Site "Chess.com"]
[Date "2021.02.02"]
[Round "11"]
[White "Kildepiotr"]
[Black "kekic76"]
[Result "1-0"]
[WhiteElo "2574"]
[BlackElo "2391"]
[TimeControl "180+1"]
[EndTime "12:01:41 PST"]
[Termination "Kildepiotr won by resignation"]

1. Nf3 d5 2. g3 Nf6 3. Bg2 c6 4. O-O Bf5 5. d3 h6 6. Nbd2 e6 7. Qe1 Be7 8. e4 Bh7 9. Qe2 O-O 10. b3 a6 11. a4 c5 12. Bb2 Nc6 13. Ne5 Nxe5 14.
Bxe5 b5 15. f4 dxe4 16. dxe4 Qb6 17. Bxf6 Bxf6 18. e5 Be7 19. Bxa8 Rxa8 20. axb5 Bxc2 21. Nc4 1-0

[Event "*** Titled Tuesday Blitz"]
[Site "Chess.com"]
[Date "2021.02.02"]
[Round "11"]
[White "paulrusan"]
[Black "cukin84"]
[Result "0-1"]
[WhiteElo "2248"]
[BlackElo "2156"]
[TimeControl "180+1"]
[EndTime "12:01:44 PST"]
[Termination "cukin84 won by resignation"]

1. e4 c6 2. d4 d5 3. f3 Nf6 4. Nc3 dxe4 5. fxe4 Bg4 6. Qd3 e6 7. e5 Nd5 8. a3 Bf5 9. Ne4 Qh4+ 10. g3 Qxe4+ 11. Kf2 Qxh1 12. Bg2 Qxg2+ 13. Kxg2 Bxd3 14. cxd3 c5 15. dxc5 Bxc5 16. Nf3 O-O 17. d4 Be7 18. Bd2 Nc6 0-1

[Event "*** Titled Tuesday Blitz"]
[Site "Chess.com"]
[Date "2021.02.02"]
[Round "11"]
[White "horripile"]
[Black "Shepherdboy"]
[Result "0-1"]
[WhiteElo "2711"]
[BlackElo "2478"]
[TimeControl "180+1"]
[EndTime "12:01:46 PST"]
[Termination "Shepherdboy won by resignation"]

1. e4 c6 2. d4 d5 3. Nd2 dxe4 4.
Nxe4 Bf5 5. Ng3 Bg6 6. Nf3 Nd7 7. h4 h6 8. h5 Bh7 9. Bd3 Bxd3 10. Qxd3 e6 11.
Bd2 Ngf6 12. O-O-O Qc7 13. Kb1 O-O-O 14. Ne4 c5 15.
Nxf6 Nxf6 16. Rh4 cxd4 17. Rxd4 Bc5 18. Rxd8+ Rxd8 19. Qe2 Nxh5 0-1

[Event "*** Titled Tuesday Blitz"]
[Site "Chess.com"]
[Date "2021.02.02"]
[Round "11"]
[White "SergeyShtyka"]
[Black "chess4ever007"]
[Result "1-0"]
[WhiteElo "2471"]
[BlackElo "2371"]
[TimeControl "180+1"]
[EndTime "12:01:47 PST"]
[Termination "SergeyShtyka won by resignation"]

1. e4 e5 2. Nf3 Nc6 3. Nc3 Nf6 4.
Bb5 Bb4 5. O-O O-O 6. d3 Bxc3 7. bxc3 d6 8. Bxc6 bxc6 9. Bg5 h6 10. Bh4 g5 11. Nxg5 hxg5 12. Bxg5 Kg7 13. f4 Qd7 14.
fxe5 Nh7 15. Bf6+ Kg8 16. Rf5 dxe5 17. Qg4+ 1-0

[Event "*** Titled Tuesday Blitz"]
[Site "Chess.com"]
[Date "2021.02.02"]
[Round "11"]
[White "Dii210"]
[Black "Lady_Nika"]
[Result "0-1"]
[WhiteElo "2251"]
[BlackElo "2377"]
[TimeControl "180+1"]
[EndTime "12:01:54 PST"]
[Termination "Lady_Nika won by resignation"]

1. Nf3 d5 2. d4 e6 3. Nbd2 f5 4. Ne5 Nd7 5. Ndf3 Ngf6 6. Bf4 Bd6 7. e3 O-O 8. h3 Ne4 9. c3 Qe7 10. h4 c5 11. Bd3 cxd4 12. exd4 Nxe5 13. Bxe5 Bd7 14. Qe2 a6 15. Bxd6 Qxd6 16. Ne5 Be8 17. O-O b5 18. a3 Rb8 19. Rfe1 a5 20. g3 b4 21. axb4 axb4 22. c4 dxc4 23. Bxc4 Qxd4 24. Bxe6+ Kh8 25. Nf3 Qb6 26. Qa6 Qxf2+ 0-1

[Event "*** Titled Tuesday Blitz"]
[Site "Chess.com"]
[Date "2021.02.02"]
[Round "11"]
[White "LawrenceTrent"]
[Black "GM_LOADING"]
[Result "0-1"]
[WhiteElo "2570"]
[BlackElo "2481"]
[TimeControl "180+1"]
[EndTime "12:02:01 PST"]
[Termination "GM_LOADING won by resignation"]

1. b3 a5 2. h4 a4 3. h5 h6 4.
Rh4 Nf6 5. Rxa4 Rxa4 6. bxa4 Nxh5 7. e4 Nf6 8. e5 Nd5 9. Bc4 e6 10. Nf3 Nc6 11. d4 d6 12. Bd2 dxe5 13. dxe5 Bc5 14. Qe2 O-O 15. Nc3 Nd4 16. Nxd4 Bxd4 17. O-O-O Bxc3 18. Bxd5 Bxd2+ 19. Qxd2 exd5 20. f4 Be6 21. Rg1 Qd7 22.
Qd4 Ra8 0-1

[Event "*** Titled Tuesday Blitz"]
[Site "Chess.com"]
[Date "2021.02.02"]
[Round "11"]
[White "VALPARAISO37"]
[Black "Iball95"]
[Result "0-1"]
[WhiteElo "2479"]
[BlackElo "2638"]
[TimeControl "180+1"]
[EndTime "12:02:03 PST"]
[Termination "Iball95 won by checkmate"]

1. d4 Nf6 2. c4 e6 3. Nc3 Bb4 4. a3 Bxc3+ 5. bxc3 d5 6. e3 O-O 7. Bd3 c5 8. Ne2 b6 9. O-O Bb7 10. f3 Nbd7 11. cxd5 exd5 12. Rb1 Re8 13. Ng3 Qc8 14. Bf5 g6 15. Bd3 Ba6 16. h3 h5 17.
Qc2 cxd4 18. Bxg6 Bxf1 19. Kxf1 Qxc3 20. exd4 Qe1# 0-1

[Event "*** Titled Tuesday Blitz"]
[Site "Chess.com"]
[Date "2021.02.02"]
[Round "11"]
[White "NiranjanNavalgund"]
[Black "serhanberat_ozdemir"]
[Result "1-0"]
[WhiteElo "2533"]
[BlackElo "2446"]
[TimeControl "180+1"]
[EndTime "12:02:09 PST"]
[Termination "NiranjanNavalgund won by resignation"]

1. e4 c5 2. d4 cxd4 3. c3 d5 4. exd5 Qxd5 5. Nf3 Nc6 6. cxd4 Bg4 7. Be2 e6 8. Nc3 Qa5 9. O-O Nf6 10. Qb3 Qc7 11.
Bf4 Qxf4 12. Qxb7 Rb8 13. Qxc6+ Nd7 14. Ne5 1-0

[Event "*** Titled Tuesday Blitz"]
[Site "Chess.com"]
[Date "2021.02.02"]
[Round "11"]
[White "Ze-Pequeno"]
[Black "GCamachoMartinez"]
[Result "0-1"]
[WhiteElo "2221"]
[BlackElo "2402"]
[TimeControl "180+1"]
[EndTime "12:02:13 PST"]
[Termination "GCamachoMartinez won by resignation"]

1. e4 c5 2. Nf3 d6 3. d4 cxd4 4.
Nxd4 Nf6 5. Nc3 g6 6. Be3 Bg7 7. f3 O-O 8. Qd2 Nc6 9. O-O-O d5 10. exd5 Nxd5 11. Nxc6 bxc6 12. Bd4 e5 13. Bc5 Re8 14. Ne4 Qc7 15. h4 f5 16. Bc4 fxe4 17. fxe4 Be6 18. exd5 cxd5 0-1

[Event "*** Titled Tuesday Blitz"]
[Site "Chess.com"]
[Date "2021.02.02"]
[Round "11"]
[White "Skat2704"]
[Black "ClauSanLuis"]
[Result "1-0"]
[WhiteElo "2523"]
[BlackElo "2366"]
[TimeControl "180+1"]
[EndTime "12:02:20 PST"]
[Termination "Skat2704 won by resignation"]

1. d4 Nf6 2. c4 e6 3. Nf3 c5 4.
d5 b5 5. dxe6 fxe6 6. cxb5 d5 7.
Nc3 Bd6 8. e4 dxe4 9. Ng5 Bb7 10. Nxe6 Qe7 11. Nxg7+ Qxg7 12. Qxd6 Nbd7 13. Be3 Qe7 14.
Qxe7+ Kxe7 15. Bc4 Rac8 16. O-O Ne5 17. b3 Nxc4 18.
bxc4 Rhd8 19. Na4 Nd7 20. Rfd1 Rc7 21. Bg5+ 1-0

[Event "*** Titled Tuesday Blitz"]
[Site "Chess.com"]
[Date "2021.02.02"]
[Round "11"]
[White "ridnani2021"]
[Black "TurboSteen"]
[Result "1-0"]
[WhiteElo "2139"]
[BlackElo "2025"]
[TimeControl "180+1"]
[EndTime "12:02:31 PST"]
[Termination "ridnani2021 won by resignation"]

1. e4 e6 2. d4 d5 3. Nd2 Nc6 4. exd5 exd5 5. c3 Nf6 6. Bd3 Bd6 7. Ne2 O-O 8. Nf3 Bg4 9. Ng3 Re8+ 10. Be3 Ne4 11. Qc2 Nxg3 12. hxg3 Bxg3 13. O-O-O Bd6 14. Bxh7+ Kf8 15. Bf5 Bxf5 16. Qxf5 Qf6 17. Rh8+ Ke7 18. Bg5 Rxh8 19. Re1+ Kf8 20. Bxf6 gxf6 21. Qxf6 1-0

[Event "*** Titled Tuesday Blitz"]
[Site "Chess.com"]
[Date "2021.02.02"]
[Round "11"]
[White "ShahMatKanal"]
[Black "kasparicy"]
[Result "1-0"]
[WhiteElo "2486"]
[BlackElo "2350"]
[TimeControl "180+1"]
[EndTime "12:02:34 PST"]
[Termination "ShahMatKanal won by resignation"]

1. e4 c5 2. Nf3 d6 3. b4 Nf6 4.
bxc5 Nxe4 5. cxd6 Nxd6 6. c4 Nc6 7. Nc3 e5 8. d4 exd4 9. Nxd4 Be7 10. Nxc6 bxc6 11.
Be2 O-O 12. O-O Qa5 13. Bd2 Rd8 14. Nd5 1-0

[Event "*** Titled Tuesday Blitz"]
[Site "Chess.com"]
[Date "2021.02.02"]
[Round "11"]
[White "MartinMatthiesen"]
[Black "Artem_Sadovsky"]
[Result "0-1"]
[WhiteElo "2380"]
[BlackElo "2567"]
[TimeControl "180+1"]
[EndTime "12:02:37 PST"]
[Termination "Artem_Sadovsky won by resignation"]

1. d4 g6 2. Nf3 Bg7 3. c4 d6 4.
Nc3 e5 5. e4 Nc6 6. d5 Nce7 7.
Be2 f5 8. exf5 gxf5 9. Ng5 Nf6 10. Bh5+ Ng6 11. Nxh7 Nxh5 12. Qxh5 Kf7 13. Ng5+ Kf6 14. h4 Rxh5 0-1

[Event "*** Titled Tuesday Blitz"]
[Site "Chess.com"]
[Date "2021.02.02"]
[Round "11"]
[White "Yaryi_sergey"]
[Black "andrzej"]
[Result "1-0"]
[WhiteElo "2465"]
[BlackElo "2304"]
[TimeControl "180+1"]
[EndTime "12:02:56 PST"]
[Termination "Yaryi_sergey won by resignation"]

1. Nf3 c5 2. g3 g6 3. h4 Bg7 4. h5 Nc6 5. d3 d6 6. c4 e5 7. Nc3 Nge7 8. hxg6 hxg6 9. Rxh8+ Bxh8 10. Bg2 Bg7 11.
a3 Bg4 12. Bd2 Bxf3 13. Bxf3 Nd4 14. e3 Nxf3+ 15. Qxf3 Qb6 16. O-O-O Qb3 17. Rh1 b5 18. Qxa8+ Kd7 19. Qxa7+ Ke6 20. cxb5 e4 21. Qb7 exd3 22. Qe4+ Kd7 23. Qxd3 c4 24. Qc2 1-0

[Event "*** Titled Tuesday Blitz"]
[Site "Chess.com"]
[Date "2021.02.02"]
[Round "11"]
[White "muchojogo"]
[Black "Mr_Sinigami"]
[Result "0-1"]
[WhiteElo "2486"]
[BlackElo "2639"]
[TimeControl "180+1"]
[EndTime "12:03:03 PST"]
[Termination "Mr_Sinigami won by resignation"]

1. e4 d5 2. exd5 Nf6 3. Nf3 Nxd5 4. d4 g6 5. c4 Nb6 6. Nc3 Bg7 7. h3 O-O 8. Be3 Nc6 9. Be2 e5 10. d5 Ne7 11. a4 Nf5 12. Bc5 Re8 13. g4 e4 14. Nd4 Nh4 15. Nc2 Nf3+ 16. Bxf3 exf3+ 17. Kf1 Nxc4 18. Qxf3 Nd2+ 0-1

[Event "*** Titled Tuesday Blitz"]
[Site "Chess.com"]
[Date "2021.02.02"]
[Round "11"]
[White "marvinguevara"]
[Black "JQuiroga18"]
[Result "1-0"]
[WhiteElo "2170"]
[BlackElo "2400"]
[TimeControl "180+1"]
[EndTime "12:03:08 PST"]
[Termination "marvinguevara won by resignation"]

1. e4 e5 2. Nf3 Nc6 3. Bc4 Nf6 4. O-O Bc5 5. d4 Bxd4 6. Nxd4 Nxd4 7. Bg5 h6 8. Bh4 g5 9. f4 d6 10. fxg5 d5 11. exd5 Nxd5 12. Qh5 Nf5 13. g6 Qxh4 14. gxf7+ Kf8 15. Qxh4 Nxh4 16. Bxd5 c6 17. Be4 h5 18. g3 Bh3 19. Rf2 Rd8 20. Nc3 1-0

[Event "*** Titled Tuesday Blitz"]
[Site "Chess.com"]
[Date "2021.02.02"]
[Round "11"]
[White "ShapkinAnatoliy"]
[Black "anon481216"]
[Result "1-0"]
[WhiteElo "2633"]
[BlackElo "2474"]
[TimeControl "180+1"]
[EndTime "12:03:14 PST"]
[Termination "ShapkinAnatoliy won by resignation"]

1. d4 Nf6 2. c4 c5 3. d5 b5 4. cxb5 a6 5. bxa6 g6 6. Nc3 Bxa6 7. e4 Bxf1 8. Kxf1 d6 9. g3 Bg7 10. Nf3 O-O 11. h3 Nbd7 12. Kg2 Qb6 13. Qc2 Rfb8 14. Rb1 Ne8 15. Bg5 h6 16. Bxe7 f6 17. e5 Nxe5 18. Nxe5 dxe5 19. Qxg6 Qb7 20. Bxc5 Nc7 21. Rhd1 Rd8 22.
Qe4 Nb5 23. Qb4 Rdc8 24. Nxb5 1-0

[Event "*** Titled Tuesday Blitz"]
[Site "Chess.com"]
[Date "2021.02.02"]
[Round "11"]
[White "SkippingLaptop"]
[Black "mr65"]
[Result "0-1"]
[WhiteElo "2049"]
[BlackElo "2099"]
[TimeControl "180+1"]
[EndTime "12:03:34 PST"]
[Termination "mr65 won by resignation"]

1. c4 Nf6 2. g3 g6 3. Bg2 Bg7 4. Nf3 O-O 5. O-O d6 6. d4 Nc6 7.
Nc3 a6 8. h3 Rb8 9. e4 e5 10.
Be3 b5 11. d5 Na5 12. cxb5 Nc4 13. bxa6 Nxe3 14. fxe3 Rxb2 15. a7 Ba6 16. Rf2 Rxf2 17. Kxf2 Qa8 18. Qa4 Qxa7 19. Rc1 Ra8 20. Qc6 Bd3 21.
a4 Nxe4+ 22. Nxe4 Bxe4 23. Ng5 Bxg2 24. Kxg2 e4 25. Qxc7 Qxe3 26. Qxf7+ Kh8 27. Qe6 Qd2+ 0-1

[Event "*** Titled Tuesday Blitz"]
[Site "Chess.com"]
[Date "2021.02.02"]
[Round "11"]
[White "MarceloPlaya"]
[Black "Papullon"]
[Result "0-1"]
[WhiteElo "2243"]
[BlackElo "2148"]
[TimeControl "180+1"]
[EndTime "12:03:38 PST"]
[Termination "Papullon won by resignation"]

1. e4 c5 2. Nf3 e6 3. d4 cxd4 4.
Nxd4 Nf6 5. Nc3 Nc6 6. Be3 Bb4 7. f3 d5 8. Nxc6 bxc6 9. exd5 Nxd5 10. Bd2 Nxc3 11. Bxc3 Bxc3+ 12. bxc3 Qa5 13. Qd6 Qxc3+ 14.
Kf2 Qxc2+ 15. Be2 Ba6 16. Rac1 Qxe2+ 17. Kg3 Qb5 18. Rhd1 Qb8 19. Rxc6 Qxd6+ 20. Rdxd6 Bb5 21. Rc5 a6 22. a4 Bxa4 23. Rxa6 Rxa6 24. Rc8+ Ke7 25. Rxh8 h6 0-1

[Event "*** Titled Tuesday Blitz"]
[Site "Chess.com"]
[Date "2021.02.02"]
[Round "11"]
[White "akanga001"]
[Black "Khnykin_Nikolay"]
[Result "0-1"]
[WhiteElo "1961"]
[BlackElo "2066"]
[TimeControl "180+1"]
[EndTime "12:03:38 PST"]
[Termination "Khnykin_Nikolay won by resignation"]

1. e4 e6 2. d4 d5 3. e5 c5 4. c3 Qb6 5. Nf3 Nc6 6. Bd3 cxd4 7. cxd4 Bd7 8. O-O Nxd4 9. Nxd4 Qxd4 10. Re1 Bc5 11. Be3 Qxb2 12. Bxc5 Qxa1 13. a3 Ne7 14.
Qb3 Rc8 15. Bb4 Nc6 16. Bd6 Nd4 17. Qxb7 Qa2 18. Bb5 Nxb5 19. Nc3 Nxc3 0-1

[Event "*** Titled Tuesday Blitz"]
[Site "Chess.com"]
[Date "2021.02.02"]
[Round "11"]
[White "Ave_Mariia"]
[Black "floplover"]
[Result "1-0"]
[WhiteElo "2480"]
[BlackElo "2334"]
[TimeControl "180+1"]
[EndTime "12:03:43 PST"]
[Termination "Ave_Mariia won by resignation"]

1. d4 d5 2. c4 e6 3. Nf3 Nf6 4. g3 Be7 5. Bg2 O-O 6. O-O dxc4 7. Qc2 a6 8. a4 Bd7 9. Qxc4 Bc6 10. Bf4 Bd6 11. Qc1 Nbd7 12. Nc3 Qe7 13. Rd1 a5 14. Ne5 Bxg2 15. Kxg2 Bb4 16. Bg5 Rfd8 17. Ne4 c6 18.
Nxd7 Rxd7 19. Bxf6 gxf6 20. Qh6 1-0

[Event "*** Titled Tuesday Blitz"]
[Site "Chess.com"]
[Date "2021.02.02"]
[Round "11"]
[White "kikydu96"]
[Black "motivated_bishop"]
[Result "1-0"]
[WhiteElo "2593"]
[BlackElo "2422"]
[TimeControl "180+1"]
[EndTime "12:03:44 PST"]
[Termination "kikydu96 won by resignation"]

1. e4 g6 2. d4 Bg7 3. Nc3 d6 4. Be3 Nf6 5. Qd2 c6 6. Bh6 Bxh6 7.
Qxh6 Qa5 8. O-O-O Nbd7 9. Kb1 b5 10. Qe3 b4 11. Nce2 O-O 12. f3 e5 13. h4 h5 14. Nh3 Nb6 15. Nc1 Bxh3 16. gxh3 Rfe8 17.
Nb3 Qa4 18. dxe5 dxe5 19. Rg1 Nbd7 20. Bc4 Kh7 21. Bxf7 1-0

[Event "*** Titled Tuesday Blitz"]
[Site "Chess.com"]
[Date "2021.02.02"]
[Round "11"]
[White "Sokoloco"]
[Black "Tenamu"]
[Result "1-0"]
[WhiteElo "2478"]
[BlackElo "2403"]
[TimeControl "180+1"]
[EndTime "12:03:50 PST"]
[Termination "Sokoloco won by resignation"]

1. b3 Nf6 2. Bb2 g6 3. Bxf6 exf6 4.
c4 Bg7 5. Nc3 O-O 6. Nf3 f5 7. d4 c5 8. e3 f4 9. Be2 fxe3 10.
fxe3 Re8 11. O-O Rxe3 12. Nd5 Re8 13. dxc5 Nc6 14. Rc1 d6 15. cxd6 Qxd6 16. Kh1 Bf5 17. Bd3 Bxd3 18. Qxd3 Rad8 19. Rcd1 a5 20. Ng5 f5 21.
Qh3 h6 22. Nf3 Kh7 23. Qh4 Re4 24. Ng5+ Kg8 25. Nxe4 fxe4 26. Ne7+ Qxe7 27. Qxe7 Rxd1 28.
Qe6+ 1-0

[Event "*** Titled Tuesday Blitz"]
[Site "Chess.com"]
[Date "2021.02.02"]
[Round "11"]
[White "SanQui14"]
[Black "Jungle_Jaguar"]
[Result "0-1"]
[WhiteElo "2440"]
[BlackElo "2610"]
[TimeControl "180+1"]
[EndTime "12:03:51 PST"]
[Termination "Jungle_Jaguar won by resignation"]

1. d4 Nf6 2. c4 e6 3. Nc3 Bb4 4. Qc2 c5 5. dxc5 Nc6 6. a3 Bxc5 7.
Nf3 O-O 8. e3 d5 9. cxd5 exd5 10. b4 Bb6 11. Bb2 Bg4 12. Be2 Rc8 13. Qd2 d4 14. Nxd4 Nxd4 15. exd4 Re8 16. O-O Bxd4 17. Bxg4 Nxg4 18. Rad1 Qc7 19. g3 Bxc3 20. Bxc3 Qxc3 21.
Qg5 Ne5 22. f4 Nf3+ 0-1

[Event "*** Titled Tuesday Blitz"]
[Site "Chess.com"]
[Date "2021.02.02"]
[Round "11"]
[White "Das_Virus_2020"]
[Black "OlifantCZ"]
[Result "1-0"]
[WhiteElo "2419"]
[BlackElo "2192"]
[TimeControl "180+1"]
[EndTime "12:03:53 PST"]
[Termination "Das_Virus_2020 won by resignation"]

1. e4 e6 2. Qe2 b6 3. Nf3 Bb7 4. d3 c5 5. g3 Nc6 6. Bg2 Nd4 7. Nxd4 cxd4 8. c4 dxc3 9. Nxc3 d6 10. O-O Nf6 11. d4 Rc8 12. d5 e5 13. Bh3 Rc5 14. Be3 Rxc3 15. bxc3 Nxe4 16. Qb5+ Ke7 17. c4 g6 18. a4 Nc5 19. a5 bxa5 20. Bxc5 1-0

[Event "*** Titled Tuesday Blitz"]
[Site "Chess.com"]
[Date "2021.02.02"]
[Round "11"]
[White "TimKett"]
[Black "A-S-00"]
[Result "1-0"]
[WhiteElo "2212"]
[BlackElo "2320"]
[TimeControl "180+1"]
[EndTime "12:04:05 PST"]
[Termination "TimKett won by resignation"]

1. d4 Nf6 2. Nc3 g6 3. e4 Bg7 4. e5 Ng8 5. Be3 e6 6. Qd2 Ne7 7. Bh6 O-O 8. h4 Bxh6 9. Qxh6 Nf5 10. Qf4 d6 11. O-O-O Nc6 12. Nf3 f6 13. exf6 Qxf6 14. Ne4 Qd8 15. Qd2 Qf6 16. h5 Qd8 17. hxg6 Qf6 18.
Nxf6+ 1-0

[Event "*** Titled Tuesday Blitz"]
[Site "Chess.com"]
[Date "2021.02.02"]
[Round "11"]
[White "dennisodessa"]
[Black "Julianos82"]
[Result "0-1"]
[WhiteElo "2461"]
[BlackElo "2338"]
[TimeControl "180+1"]
[EndTime "12:04:11 PST"]
[Termination "Julianos82 won by resignation"]

1. d4 d5 2. c4 dxc4 3. e3 Be6 4. Na3 c5 5. Nf3 Nc6 6. Nxc4 cxd4 7. exd4 Bd5 8. Bf4 e6 9. Be2 Bb4+ 10. Bd2 Nf6 11. O-O Bxd2 12. Qxd2 O-O 13. Rfd1 Rc8 14. Rac1 Qe7 15.
b3 Rfd8 16. Qf4 h6 17. Ne3 Be4 18. Ne5 Nxd4 19. Bc4 Rxc4 20. Rxc4 Ne2+ 21. Kf1 Nxf4 22.
Rxd8+ Qxd8 23. f3 Bd3+ 0-1

[Event "*** Titled Tuesday Blitz"]
[Site "Chess.com"]
[Date "2021.02.02"]
[Round "11"]
[White "ajdemipopushi"]
[Black "BairaKovanova"]
[Result "0-1"]
[WhiteElo "2334"]
[BlackElo "2483"]
[TimeControl "180+1"]
[EndTime "12:04:15 PST"]
[Termination "BairaKovanova won by resignation"]

1. Nf3 Nf6 2. g3 d5 3. c4 e6 4.
Bg2 Be7 5. O-O O-O 6. d4 dxc4 7. Qc2 a6 8. a4 Nc6 9. Qxc4 Nb4 10.
a5 Bd7 11. Nc3 Bc6 12. Bg5 Nfd5 13. Bxe7 Qxe7 14. Ne5 Nxc3 15. bxc3 Bxg2 16. Kxg2 Nd5 17. e4 Nf6 18. f3 Rac8 19. Nd3 c5 20. Nxc5 Nd7 21. Rfb1 Nxc5 22. dxc5 Rxc5 23. Qb4 Qg5 24. f4 Qh5 25. Ra2 Rb5 0-1